 Seeded DCSS version 0.24.0 (webtiles) character file.

Game seed: 12904354232074817611, levelgen mode: deterministic

467 Auros the Basher (level 6, -8/51 HPs)
             Began as a Minotaur Fighter on Apr 6, 2020.
             Was an Initiate of Okawaru.
             Killed by divine providence
             ... invoked by an orc priest
              (11 damage)
             ... on level 5 of the Dungeon.
             The game lasted 00:05:50 (4094 turns).

Auros the Basher (Minotaur Fighter)                 Turns: 4094, Time: 00:05:52

Health: -8/51      AC: 11    Str: 28    XL:     6   Next: 81%
Magic:  5/5        EV:  6    Int:  5    God:    Okawaru [......]
Gold:   147        SH: 11    Dex:  9    Spells: 5/5 levels left

rFire    . . .     SeeInvis .   r - +4 mace (crush)
rCold    . . .     Gourm    .   c - +1 shield
rNeg     . . .     Faith    .   f - +2 chain mail
rPois    .         Spirit   .   (helmet restricted)
rElec    .         Reflect  .   (no cloak)
rCorr    .         Harm     .   (no gloves)
MR       .....                  (no boots)
Stlth    ..........             g - amulet of the acrobat
HPRegen  0.17/turn              (no ring)
MPRegen  0.09/turn              (no ring)

@: mighty, studying Spellcasting
A: retaliatory headbutt, horns 2
a: Renounce Religion


You were on level 5 of the Dungeon.
You worshipped Okawaru.
Okawaru was noncommittal.
You were not hungry.

You visited 1 branch of the dungeon, and saw 5 of its levels.

You collected 147 gold pieces.

Inventory:

Hand Weapons
 a - a +0 flail
 r - a +4 mace of crushing (weapon)
Missiles
 l - 24 arrows
 m - 8 curare-tipped darts
 v - 5 javelins
 w - 12 bolts
 Z - 128 stones (quivered)
Armour
 b - a +0 scale mail
 c - a +1 shield (worn)
 f - a +2 chain mail (worn)
Jewellery
 g - an amulet of the acrobat (around neck)
 n - an uncursed ring of magical power {unknown}
Wands
 x - a wand of scattershot (3)
 y - a wand of clouds (5)
Scrolls
 i - 3 scrolls of identify
 j - a scroll of amnesia {unknown}
 o - a scroll of random uselessness
 p - 3 scrolls of remove curse {unknown}
 s - 2 scrolls of blinking {unknown}
 t - 2 scrolls of teleportation {unknown}
 A - a scroll of immolation {unknown}
Potions
 e - a potion of cancellation
 h - a potion of curing {unknown}
 k - a potion of heal wounds {unknown}
 u - 2 potions of ambrosia {unknown}
Books
 B - a manual of Spellcasting
Comestibles
 q - 3 chunks of flesh
 z - 7 rations


   Skills:
 - Level 3.6 Fighting
 + Level 9.0 Maces & Flails
 - Level 3.6 Armour
 - Level 3.6 Shields


You had 5 spell levels left.
You didn't know any spells.
Your spell library was empty.

Dungeon Overview and Level Annotations

Branches:
Dungeon (5/15)
 Temple: D:4-7

Altars:
Cheibriados
Okawaru

Annotations:
D:3 3 runed translucent doors, rhysdieslots's ghost, amateur DsVM


Innate Abilities, Weirdness & Mutations

You reflexively headbutt those who attack you in melee.
You have a pair of horns on your head.


Message History

The orc hits you but does no damage.
You hit the orc priest but do no damage.
The orc priest is moderately wounded.
The orc priest mumbles some strange prayers to Beogh against you.
Beogh smites you!
* * * LOW HITPOINT WARNING * * *
The orc barely misses you. You furiously retaliate!
You headbutt the orc.
You feel very mighty all of a sudden.
The orc priest invokes the aid of Beogh against you.
Beogh smites you!
* * * LOW HITPOINT WARNING * * *
The orc priest barely misses you. The orc hits you with a +0 dagger.
* * * LOW HITPOINT WARNING * * *
You sock the orc priest!
You kill the orc priest!
Okawaru accepts your kill.
Your Maces & Flails skill increases to level 9!
The orc priest mumbles some strange prayers to Beogh against you.
Beogh smites you!
You die...

...........##
............#
.[..........##
.............#
.............##
..............#
......o.......##
....?.)@.......##
......o[...<....#
.................#
..................#
.............).....
#######.####....###
### #####


You could see an orc priest and an orc.

Vanquished Creatures
  A howler monkey (D:4)
  2 orc priests
  A bullfrog skeleton (D:4)
  2 orc wizards (D:3)
  An iguana (D:4)
  8 gnolls
  7 adders
  An ooze (D:3)
  2 worms (D:2)
  A dart slug (D:4)
  4 leopard geckos
  12 orcs
  3 ball pythons
  6 giant cockroaches
  6 goblins
  11 hobgoblins
  5 jackals
  2 quokkas (D:4)
  9 bats
  5 frilled lizards
  5 kobolds
  15 rats
109 creatures vanquished.

Notes
Turn   | Place    | Note
-------+----------+-------------------------------------------
     0 | D:1      | Auros the Minotaur Fighter began the quest for the Orb.
     0 | D:1      | Reached XP level 1. HP: 19/19 MP: 0/0
   196 | D:1      | Reached skill level 3 in Maces & Flails
   205 | D:1      | Reached XP level 2. HP: 18/26 MP: 1/1
   430 | D:1      | Reached skill level 4 in Maces & Flails
   650 | D:1      | Reached XP level 3. HP: 31/31 MP: 2/2
  1050 | D:2      | Reached skill level 5 in Maces & Flails
  1068 | D:2      | Reached XP level 4. HP: 28/39 MP: 3/3
  1983 | D:2      | Reached skill level 6 in Maces & Flails
  2328 | D:3      | Reached XP level 5. HP: 45/45 MP: 4/4
  2567 | D:3      | Found a runed translucent gate.
  2568 | D:3      | Found a runed translucent gate.
  2569 | D:3      | Found a runed translucent gate.
  2572 | D:3      | Noticed rhysdieslots's ghost (amateur DsVM)
  2579 | D:3      | Reached skill level 7 in Maces & Flails
  3284 | D:4      | Reached XP level 6. HP: 51/51 MP: 5/5
  3288 | D:4      | Found an iron altar of Okawaru.
  3306 | D:4      | Became a worshipper of Warmaster Okawaru
  3475 | D:4      | Reached skill level 8 in Maces & Flails
  4006 | D:4      | Found a snail-covered altar of Cheibriados.
  4083 | D:5      | Entered Level 5 of the Dungeon
  4093 | D:5      | HP: 2/51 [orc/+0 dagger (1)]
  4094 | D:5      | Reached skill level 9 in Maces & Flails
  4094 | D:5      | Killed from afar by an orc priest

Levels and vault maps discovered:
D:1:      tarquinn_simple_flora_water_f, layout_basic
D:2:      layout_loops_corners
D:3:      layout_basic, gammafunk_ghost_necromancy, nrook_campfire,
          chequers_serial_rivers_large_a, patterned_corridor
D:4:      layout_rooms, okawaru_trees_2, lemuel_round_altar, first_ration,
          minmay_manual_mail
D:5:      kennysheep_big_flooded_room, layout_cave_pods,
          chequers_temple_overflow_statue_of_worship
